 Dungeon Crawl Stone Soup version 0.28.0-43-g3370ac3207 (webtiles) character file.

Game seed: 13398464847019209849

674 RascalDebosk the Covered (level 7, -1/91 HPs)
             Began as a Minotaur Fighter on Mar 28, 2022.
             Was a Follower of Trog.
             Slain by a hornet (9 damage)
             ... on level 5 of the Dungeon.
             The game lasted 00:31:14 (3397 turns).

RascalDebosk the Covered (Minotaur Fighter)         Turns: 3397, Time: 00:31:14

Health: -1/91      AC:  8    Str: 22    XL:     7   Next: 33%
Magic:  6/6        EV:  9    Int:  5    God:    Trog [*.....]
Gold:   160        SH:  5    Dex: 10    Spells: 6/6 levels left

rFire   . . .      SeeInvis .   r - +2 falchion (vorpal)
rCold   . . .      Faith    .   c - +0 buckler
rNeg    . . .      Spirit   .   b - +0 scale mail
rPois   .          Reflect  .   (helmet restricted)
rElec   .          Harm     .   i - +0 cloak
rCorr   .          Rampage  .   (no gloves)
Will    .....                   (no boots)
Stlth   ..........              (no amulet)
HPRegen 0.25/turn               (no ring)
MPRegen 0.10/turn               (no ring)

@: berserking, lethally poisoned (-1 -> -5), slowed
A: horns 2, retaliatory headbutt
a: Renounce Religion, Berserk


You were on level 5 of the Dungeon.
You worshipped Trog.
Trog was aware of your devotion.
You visited 1 branch of the dungeon, and saw 5 of its levels.

You collected 160 gold pieces.

Inventory:

Hand Weapons
 a - a +0 war axe
 r - a +2 vorpal falchion (weapon)
Missiles
 j - 4 atropa-tipped darts
 l - 3 poisoned darts
 m - 118 stones (quivered)
 q - 3 boomerangs
Armour
 b - a +0 scale mail (worn)
 c - a +0 buckler (worn)
 i - a +0 cloak (worn)
 t - a +0 plate armour
Wands
 n - a wand of mindburst (18)
 o - a wand of iceblast (7)
 p - a wand of polymorph (4)
Scrolls
 k - a scroll of immolation
 s - a scroll of fear
Potions
 d - 2 potions of might
 f - 3 potions of attraction
 g - a potion of lignification
 h - 2 potions of ambrosia {unknown}


   Skills:
 + Level 5.2 Fighting
 + Level 1.0 Long Blades
 + Level 4.5 Axes
 + Level 3.1 Throwing
 + Level 5.3 Armour
 + Level 5.2 Shields
 + Level 2.6 Evocations


You had 6 spell levels left.
You didn't know any spells.
Your spell library was empty.

Dungeon Overview and Level Annotations

Branches:
Dungeon (5/15)
 Temple: D:4-7

Altars:
Dithmenos
Fedhas
Gozag
Qazlal
Sif Muna
Trog
Vehumet
Wu Jian
Xom


Innate Abilities, Weirdness & Mutations

You have a pair of horns on your head.
You reflexively headbutt those who attack you in melee.


Message History

The orc closely misses you.
You hit the orc.
You kill the orc!
Trog accepts your kill.
You hit the orc.
The orc is heavily wounded.
The orc completely misses you.
You slash the orc!
You kill the orc!
Trog accepts your kill.
You can now go berserk at will.
You start resting.
A hornet is nearby!
A hornet is nearby!
The hornet buzzes angrily.
A red film seems to cover your vision as you go berserk!
You feel yourself moving faster!
You feel mighty!
You closely miss the hornet. Your headbutt misses the hornet.
The hornet stings you but does no damage.
You barely miss the hornet. You block the hornet's attack.
You barely miss the hornet. The hornet barely misses you.
The hornet stings you!
You are poisoned.
You feel yourself slow down.
You miss the hornet.
You feel yourself speed up.
You feel very sick. The hornet stings you!
You suddenly lose the ability to move!
The hornet stings you.
You shrug off the repeated paralysis!
You feel sick. The hornet stings you.
* * * LOW HITPOINT WARNING * * *
You feel yourself slow down.
You feel sick. The hornet stings you!
* * * LOW HITPOINT WARNING * * *
You feel as though you will be slow longer.
The hornet stings you!
* * * LOW HITPOINT WARNING * * *
You feel as though you will be slow longer.
You can move again.
You miss the hornet.
You feel sick. The hornet stings you!
You die...

###.....##...#..
#.....####.#..
###.### #...#
#.# ##.##
#######.# #.#
#.....>.# #.##
#.####### #.>.
#.# #### #@# #y#
#.# #.# #.# #.#
#.# #)#
#.....))..#


You could see a hornet.

Vanquished Creatures
  A black bear (D:5)
  A phantom (D:5)
  2 water moccasin skeletons
  A howler monkey (D:5)
  A bullfrog zombie (D:5)
  A hound (D:5)
  An orc priest (D:5)
  Terence (D:2)
  An iguana (D:5)
  A hound zombie (D:5)
  8 adders
  7 gnolls (D:2)
  A white imp (D:5)
  An ufetubus (D:5)
  A worm (D:2)
  A dart slug (D:5)
  6 orcs
  2 bats
  7 endoplasms
  A giant cockroach (D:1)
  6 goblins
  5 hobgoblins
  A jackal (D:1)
  A quokka (D:4)
  6 ball pythons
  A frilled lizard (D:2)
  6 kobolds
  6 rats
78 creatures vanquished.

Vanquished Creatures (others)
  2 plants (D:4)
2 creatures vanquished.

Grand Total: 80 creatures vanquished

Notes
Turn   | Place    | Note
-------+----------+-------------------------------------------
     0 | D:1      | RascalDebosk the Minotaur Fighter began the quest for the
                  | Orb.
     0 | D:1      | Reached XP level 1. HP: 19/19 MP: 0/0
   106 | D:1      | Found a faded altar of an unknown god.
   240 | D:1      | Reached XP level 2. HP: 21/27 MP: 1/1
   830 | D:2      | Reached XP level 3. HP: 32/33 MP: 2/2
   836 | D:2      | Reached skill level 1 in Throwing
   962 | D:2      | Reached skill level 1 in Evocations
   984 | D:2      | Reached XP level 4. HP: 31/40 MP: 3/3
  1005 | D:2      | HP: 1/40 [gnoll/+0 flail (9)]
  1521 | D:2      | Noticed Terence
  1526 | D:2      | Killed Terence
  1527 | D:2      | Reached XP level 5. HP: 47/47 MP: 4/4
  2373 | D:4      | Found a shimmering blue altar of Sif Muna.
  2375 | D:4      | Found a blossoming altar of Fedhas.
  2399 | D:4      | Found a bloodstained altar of Trog.
  2405 | D:4      | Became a worshipper of Trog the Wrathful
  2535 | D:4      | Found a shadowy altar of Dithmenos.
  2541 | D:4      | Found a radiant altar of Vehumet.
  2542 | D:4      | Found an ornate altar of the Wu Jian Council.
  2542 | D:4      | Found a stormy altar of Qazlal.
  2542 | D:4      | Found an opulent altar of Gozag.
  2543 | D:4      | Found a shimmering altar of Xom.
  2927 | D:5      | Entered Level 5 of the Dungeon
  2938 | D:5      | Reached XP level 6. HP: 52/53 MP: 5/5
  2983 | D:5      | Reached skill level 5 in Armour
  2988 | D:5      | Reached skill level 5 in Fighting
  2988 | D:5      | Reached skill level 5 in Shields
  3000 | D:5      | Reached XP level 7. HP: 31/61 MP: 6/6
  3108 | D:5      | Noticed a hornet
  3286 | D:5      | Reached skill level 1 in Long Blades
  3293 | D:5      | Reached * piety under Trog
  3394 | D:5      | Paralysed by a hornet for 3 turns
  3397 | D:5      | Slain by a hornet

Illustrated notes

Levels and vault maps discovered:
D:1:      onia_arrival_mini_spirals, layout_rooms,
          hellmonk_ecumenical_altar_lost_god, interstate_on_off, st_stairs_14
D:2:      layout_loops_ring, hangedman_decor_push, uniq_terence
D:3:      layout_basic
D:4:      layout_loops_ring, gammafunk_temple_overflow_forgotten, minitemple,
          grunt_ministairs_11, dk_vineyard_3
D:5:      layout_loops_ring, kennysheep_mini

Skill      XL: |  1  2  3  4  5  6  7 |
---------------+----------------------+-----
Shields        | 4 5 |  5.2
Fighting       | 4 5 |  5.2
Throwing       | 1 2 3 |  3.1
Armour         | 4 5 |  5.3
Axes           | 3 4 |  4.5
Evocations     | 1 2 |  2.6
Long Blades    | 1 |  1.0

Action                   |  1- 3 |  4- 6 |  7- 9 || total
-------------------------+-------+-------+-------++-------
Melee: War axe           |    64 |   101 |       ||   165
       Headbutt          |     5 |    12 |     3 ||    20
       Falchion          |       |       |    29 ||    29
Throw: Stone             |       |    17 |       ||    17
Invok: Berserk           |       |       |     1 ||     1
  Use: Scroll            |       |     6 |       ||     6
       Potion            |       |     3 |     1 ||     4
Armor: Scale mail        |    22 |    54 |    20 ||    96
Dodge: Dodged            |    29 |    63 |    16 ||   108
Block: Buckler           |    20 |    31 |     6 ||    57
